 Dungeon Crawl Stone Soup version 0.26-a0-611-g354ed81502 (webtiles) character file.

Game seed: 2913997529347237236

172 Descartes the Covert (level 5, 0/24 HPs)
             Began as a Felid Delver on Sept 5, 2020.
             Succumbed to an adder's poison
             ... on level 2 of the Dungeon.
             The game lasted 00:06:30 (3308 turns).

Descartes the Covert (Felid Delver)                 Turns: 3308, Time: 00:06:31

Health: 0/24       AC:  1    Str:  9    XL:     5   Next: 27%
Magic:  6/6        EV: 20    Int: 12    God:
Gold:   123        SH:  0    Dex: 17    Spells: 4/4 levels left
                                        Lives:  0   Deaths: 1

rFire    . . .     SeeInvis +     - Unarmed
rCold    . . .     Faith    .   (shield unavailable)
rNeg     . . .     Spirit   .   (armour unavailable)
rPois    .         Reflect  .   (helmet unavailable)
rElec    .         Harm     .   (cloak unavailable)
rCorr    .                      (gloves unavailable)
MR       .....                  (boots unavailable)
Stlth    +++++.....             j - amulet of inaccuracy (curse)
HPRegen  0.08/turn              (no ring)
MPRegen  0.10/turn              (no ring)

@: lethally poisoned (0 -> -3), quick
A: very small, no armour, no weapons or thrown items, stealth, claws 1, fangs 3,
see invisible, speed 1, shaggy fur 1, sharp paws
a: no special abilities


You were on level 2 of the Dungeon.
You visited 2 branches of the dungeon, and saw 6 of its levels.

You collected 123 gold pieces.

Inventory:

Missiles
 g - 46 stones
Jewellery
 j - a cursed amulet of inaccuracy (around neck)
Wands
 e - a wand of digging (3)
Scrolls
 a - a scroll of fog
 b - 2 scrolls of magic mapping
 c - a scroll of fear
 d - 2 scrolls of teleportation
 l - 2 scrolls of remove curse {unknown}
 m - a scroll of immolation {unknown}
Potions
 f - a potion of flight {unknown}
 h - a potion of mutation {unknown}
 i - a potion of ambrosia {unknown}
 k - a potion of curing {unknown}


   Skills:
 - Level 3.0 Fighting
 + Level 4.4 Dodging
 + Level 9.0 Stealth
 + Level 3.3 Unarmed Combat


You had 4 spell levels left.
You didn't know any spells.
Your spell library was empty.

Dungeon Overview and Level Annotations

Branches:
Dungeon (5/15)             Temple (1/1) D:4

Altars:
Dithmenos
Elyvilon
Fedhas
Gozag
Hepliaklqana
Kikubaaqudgha
Nemelex Xobeh
Okawaru
Qazlal
Ru
Trog
Uskayaw
Vehumet
Xom
Yredelemnul
The Shining One

Annotations:
D:3 Terence


Innate Abilities, Weirdness & Mutations

You cannot wear armour.
You are incapable of wielding weapons or throwing items.
Your paws allow you to move quietly. (Stealth)
You have sharp claws.
You have razor-sharp teeth.
You have supernaturally acute eyesight. (SInv)
You cover ground quickly.
You are covered in fur. (AC +1)
Your sharp claws are effective at attacking unaware monsters.


Message History

You feel sick.
* * * LOW HITPOINT WARNING * * *
You feel sick.
* * * LOW HITPOINT WARNING * * *
You feel sick.
* * * LOW HITPOINT WARNING * * *
You feel sick.
* * * LOW HITPOINT WARNING * * *
You feel sick.
* * * LOW HITPOINT WARNING * * *
You feel sick.
* * * LOW HITPOINT WARNING * * *
You feel sick.
* * * LOW HITPOINT WARNING * * *
You feel sick.
* * * LOW HITPOINT WARNING * * *
You feel sick.
* * * LOW HITPOINT WARNING * * *
You feel sick.
You die...

....# ########....##).....##
....# #.............## ....##
####......#####...#
.....######....####..# #.#.#
...............#####.## #.#.####
....##..###.###.......###.#....##
...†.†.###..# #.....#..##.####...
........##.####.)...##.##.# ###.
.....#..........@...##....# ###..
...†.###...####.>....###..###...#
..........## #...............###
##....###.#####.....####....### #
.....##...........### #.......###
.>##....###....#### #.#####...#
..##.+#######'..## #.# ##..#
.....#...#...#...## #.# #...
...#.#...#...#.#..#####.# #.#.


There were no monsters in sight!

Vanquished Creatures
  A scorpion (D:4)
  A hound (D:4)
  An orc wizard (D:2)
  4 adders
  A howler monkey skeleton (D:4)
  A worm (D:2)
  A dart slug (D:3)
  2 leopard geckos
  An orc (D:4)
  5 giant cockroaches
  7 goblins
  6 hobgoblins
  10 jackals
  4 ball pythons
  7 bats
  4 frilled lizards
  7 kobolds
  A quokka skeleton (D:4)
  7 rats
71 creatures vanquished.

Notes
Turn   | Place    | Note
-------+----------+-------------------------------------------
     0 | D:5      | Descartes the Felid Delver began the quest for the Orb.
     0 | D:5      | Reached XP level 1. HP: 10/10 MP: 2/2
     3 | D:5      | Noticed an orc wizard
     5 | D:5      | Noticed an orc wizard
   141 | D:4      | Noticed an ogre
   141 | D:4      | Noticed a hound
   146 | D:4      | Killed a hound
   146 | D:4      | Reached skill level 8 in Stealth
   146 | D:4      | Reached XP level 2. HP: 14/14 MP: 3/3
   146 | D:4      | Reached XP level 3. HP: 17/17 MP: 4/4
   165 | D:4      | Found a staircase to the Ecumenical Temple.
   174 | Temple   | Entered the Ecumenical Temple
   376 | D:4      | Noticed a scorpion
   426 | D:4      | Killed a scorpion
   426 | D:4      | Reached XP level 4. HP: 3/21 MP: 5/5
   429 | D:4      | HP: 1/21 [poisoned by a scorpion]
   433 | D:4      | Succumbed to a scorpion's poison
   434 | D:4      | Reached XP level 3. HP: 0/17 MP: 4/4
   438 | D:4      | Noticed an ogre
   574 | D:2      | Reached XP level 4. HP: 8/21 MP: 5/5
  1754 | D:2      | Found a sacrificial altar of Ru.
  2386 | D:2      | Reached XP level 5. HP: 16/24 MP: 6/6
  2993 | D:2      | Reached skill level 9 in Stealth
  3001 | D:3      | Found a sparkling altar of Nemelex Xobeh.
  3241 | D:3      | Noticed Terence
  3300 | D:2      | HP: 1/24 [poisoned by an adder]
  3308 | D:2      | Succumbed to an adder's poison

Illustrated notes

Levels and vault maps discovered:
D:1:      tarquinn_simple_flora_water_a, layout_loops_ring
D:2:      layout_rooms, nicolae_ru_great_annihilating_truth
D:3:      minmay_general_purpose_star, layout_basic,
          nemelex_xobeh_ov_fountains_minmay, uniq_terence
D:4:      layout_cave_pools, lemuel_round_altar, minmay_temple_entry_large_hall,
          serial_shops, nicolae_shop_overgrown_old_shop, serial_bayou,
          serial_bayou_lagoon_a, serial_bayou_pond_a, serial_bayou_pond_e,
          serial_bayou_pond_b, uniq_duvessa
D:5:      layout_loops_ring, ebering_ghost_reflecting_pool,
          fedhas_ov_isle_minmay, uniq_sigmund
Temple:   regret_index_temple_generic_petals

Skill      XL: |  1  2  3  4  5 |
---------------+----------------+-----
Stealth        | 8 9 |  9.0
Dodging        | 3 4 |  4.4
Unarmed Combat | 3 |  3.3
Fighting       | |  3.0

Action                   |  1- 3 |  4- 6 || total
-------------------------+-------+-------++-------
Melee: Unarmed           |    68 |   139 ||   207
       Bite              |     5 |     9 ||    14
       Punch             |       |     3 ||     3
  Use: Potion            |     2 |       ||     2
       Scroll            |       |     1 ||     1
 Stab: Sleeping          |     5 |    16 ||    21
       Invisible         |       |     1 ||     1
       Paralysed         |       |     1 ||     1
       Distracted        |       |     1 ||     1
Armor: Skin              |     6 |     3 ||     9
Dodge: Dodged            |    62 |    92 ||   154

Table legend: (Time is in decaauts)
 A = Elapsed time spent in this place.
 B = Non-inter-level travel time spent in this place.
 C = Inter-level travel time spent in this place.
 D = Time resting spent in this place.
 E = Time spent auto-exploring this place.
 F = Levels seen in this place.
 G = Mean time per level.
                   A        B        C        D        E       F      G
               +--------+--------+--------+--------+--------+-----+--------+
         Total |   2935 |   2866 |     69 |    222 |   2008 |   6 |  489.2 |
       Dungeon |   2774 |   2710 |     64 |    222 |   1854 |   5 |  554.8 |
        Temple |    160 |    156 |      4 |      0 |    154 |   1 |  160.0 |
               +--------+--------+--------+--------+--------+-----+--------+

Top non-repeatable levels by time:
     D:1: 1169 daAuts
     D:2: 1157 daAuts
     D:3: 240 daAuts
  Temple: 160 daAuts
     D:4: 150 daAuts
     D:5: 56 daAuts
